 Dungeon Crawl Stone Soup version 0.28.0 (webtiles) character file.

Game seed: 17051559902165162189

93 dolemite99 the Chopper (level 4, -1/33 HPs)
             Began as a Demonspawn Gladiator on Feb 14, 2022.
             Was a Believer of Wu Jian.
             Slain by an orc (4 damage)
             ... on level 3 of the Dungeon.
             The game lasted 00:02:08 (2610 turns).

dolemite99 the Chopper (Demonspawn Gladiator)       Turns: 2610, Time: 00:02:09

Health: -1/33      AC:  4    Str: 15 (16) XL:     4   Next: 37%
Magic:  4/4        EV: 12    Int:  9 (10) God:    Wu Jian [**....]
Gold:   109        SH:  0    Dex: 15 (16) Spells: 3/3 levels left

rFire   . . .      SeeInvis .   a - +0 war axe
rCold   . . .      Faith    .   (no shield)
rNeg    . . .      Spirit   .   b - +0 leather armour
rPois   .          Reflect  .   c - +0 helmet
rElec   .          Harm     .   (no cloak)
rCorr   .          Rampage  .   (no gloves)
Will    .....                   (no boots)
Stlth   ++........              (no amulet)
HPRegen 0.11/turn               (no ring)
MPRegen 0.09/turn               (no ring)

@: no status effects
A: thin skeletal structure 1, powered by death 1
a: Renounce Religion, Wall Jump


You were on level 3 of the Dungeon.
You worshipped Wu Jian.
Wu Jian was pleased with you.
You visited 1 branch of the dungeon, and saw 4 of its levels.

You collected 109 gold pieces.

Inventory:

Hand Weapons
 a - a +0 war axe (weapon)
Missiles
 d - 3 throwing nets (quivered)
 i - 13 sling bullets
 k - 54 stones
Armour
 b - a +0 leather armour (worn)
 c - a +0 helmet (worn)
 j - a +0 cloak
Jewellery
 e - a ring of ice
Scrolls
 f - a scroll of enchant armour {unknown}
 g - a scroll of amnesia {unknown}
 h - a scroll of noise {unknown}
 m - 2 scrolls of enchant weapon {unknown}
 n - a scroll of silence {unknown}


   Skills:
 - Level 2.0 Fighting
 + Level 4.8 Axes
 - Level 1.7 Throwing
 - Level 2.6 Dodging


You had 3 spell levels left.
You didn't know any spells.
Your spell library contained the following spells:

 Spells                   Type           Power      Damage    Failure   Level
 Sandblast                Erth           0%         2d4       45%         1
 Passwall                 Tmut/Erth      0%         N/A       58%         2
 Stone Arrow              Conj/Erth      0%         3d7       83%         3


Dungeon Overview and Level Annotations

Branches:
Dungeon (4/15)
 Temple: D:4-7

Altars:
Wu Jian

Shops:
D:1 =


Innate Abilities, Weirdness & Mutations

You have a somewhat thin skeletal structure. (Dex +2, Stealth+)
You regenerate a little health from kills.


Message History

You start resting.
You feel less confused.
You start resting.
You start resting.
HP restored.
You start waiting.
Done waiting.
You start waiting.
Done waiting.
You climb upwards.
The orc hits you with a +0 falchion! The orc hits you with a +0 falchion.
There is a stone staircase leading down here.
You spin and attack the orc.
You barely miss the orc. The orc hits you with a +0 trident!
The orc barely misses you.
You closely miss the orc wizard. You slash the orc!
You kill the orc!
The Council accepts your kill.
You hit the orc. The orc barely misses you.
The orc wizard hits you with a +0 dagger.
The orc closely misses you.
You hit the orc wizard but do no damage.
You barely miss the orc.
The orc wizard hits you but does no damage.
The orc completely misses you.
You hit the orc wizard but do no damage.
You barely miss the orc. The orc wizard casts a spell at you.
The magic dart hits you!
* * * LOW HITPOINT WARNING * * *
The orc barely misses you. The orc wizard barely misses you.
You barely miss the orc wizard. You hit the orc. The orc misses you.
The orc wizard hits you with a +0 dagger.
* * * LOW HITPOINT WARNING * * *
The orc barely misses you.
You slash the orc wizard!
The orc wizard is severely wounded.
You closely miss the orc.
The orc wizard hits you but does no damage.
The orc hits you with a +0 trident.
You die...

#. #.g.###########..## .#.
#.........# ##..###
..o#####.........# ##...#
#.o†.)..........# ###.#
#####.#.........# ###.######
#(o.#.........# #........#
##.###.........# #........#
###..# #.......o.# ####........#
#...####.......o@###...........#
#...............)>...##........#
########.........######........#
########### ##########


You could see an orc wizard and an orc.

Vanquished Creatures
  An orc priest (D:3)
  A worm (D:2)
  An orc (D:3)
  11 endoplasms
  2 giant cockroaches (D:1)
  3 goblins
  7 hobgoblins
  4 jackals (D:1)
  3 quokkas
  5 ball pythons
  6 bats (D:1)
  7 frilled lizards
  2 kobolds
  3 rats
56 creatures vanquished.

Vanquished Creatures (others)
  5 plants (D:2)
5 creatures vanquished.

Grand Total: 61 creatures vanquished

Notes
Turn   | Place    | Note
-------+----------+-------------------------------------------
     0 | D:1      | dolemite99 the Demonspawn Gladiator began the quest for the
                  | Orb.
     0 | D:1      | Reached XP level 1. HP: 16/16 MP: 1/1
    29 | D:1      | Reached skill level 3 in Axes
   208 | D:1      | Gained mutation: You have a somewhat thin skeletal
                  | structure. (Dex +2, Stealth+) [demonic ancestry]
   208 | D:1      | Reached XP level 2. HP: 22/22 MP: 2/2
   825 | D:1      | Found a faded altar of an unknown god.
   831 | D:1      | Prayed at the altar of an unknown god.
   831 | D:1      | Became a worshipper of the Wu Jian Council
   831 | D:1      | Reached * piety under Wu Jian
   909 | D:1      | Found Ohoschiff's Jewellery Shoppe.
   949 | D:1      | Reached XP level 3. HP: 27/27 MP: 3/3
  1159 | D:2      | Reached skill level 4 in Axes
  1615 | D:2      | Reached ** piety under Wu Jian
  2119 | D:3      | Gained mutation: You regenerate a little health from kills.
                  | [demonic ancestry]
  2119 | D:3      | Reached XP level 4. HP: 4/33 MP: 4/4
  2610 | D:3      | Slain by an orc

Illustrated notes

Levels and vault maps discovered:
D:1:      psy_arrival_conway, layout_basic, serial_shops, shop,
          dreamdust_ecumenical_altar_angels_and_demons
D:2:      layout_basic, grunt_ministairs_13, minmay_lizard_king
D:3:      layout_rooms
D:4:      layout_basic, grunt_tough_drop

Skill      XL: |  1  2  3 |
---------------+----------+-----
Axes           | 3 4 |  4.8
Fighting       | |  2.0
Throwing       | |  1.7
Dodging        | |  2.6

Action                   |  1- 3 |  4- 6 || total
-------------------------+-------+-------++-------
Melee: War axe           |   119 |     6 ||   125
       Punch             |     1 |       ||     1
Throw: Javelin           |     2 |       ||     2
Invok: Whirlwind         |     7 |     1 ||     8
       Lunge             |     3 |       ||     3
  Use: Potion            |     1 |       ||     1
 Stab: Sleeping          |     6 |       ||     6
Armor: Leather armour    |    43 |     2 ||    45
Dodge: Dodged            |    87 |     8 ||    95
